 Dungeon Crawl Stone Soup version 0.31-a0-833-gc15d34cb79 (webtiles) character file.

Game seed: 13415130855196020025

61 javelincjr the Insei (level 3, 0/40 HPs)
             Began as a Demonspawn Shapeshifter on Sept 25, 2023.
             Succumbed to an adder's poison
             ... on level 2 of the Dungeon.
             The game lasted 00:02:55 (1440 turns).

javelincjr the Insei (Demonspawn Shapeshifter)      Turns: 1440, Time: 00:02:56

Health: 0/40       AC: 21    Str: 14    XL:     3   Next: 83%
Magic:  3/3        EV:  2    Int: 11    God:
Gold:   117        SH:  4    Dex: 14    Spells: 2/2 levels left

rFire   . .          .
                       - Unarmed
rCold   . . .        (no shield)
rNeg    . . .        a - melded +0 animal skin
rPois   +            (helmet currently unavailable)
rElec   .            (cloak currently unavailable)
rCorr   .            (gloves currently unavailable)
SInv    .            (boots currently unavailable)
Will    .....        (no amulet)
Stlth   +            (no ring)
HPRegen 0.26/turn    (no ring)
MPRegen 0.08/turn

%: no passive effects
@: lethally poisoned (0 -> -2), tree-form, hasted, very quick
A: stationary, stasis, torment immunity, boosted hp, demonic guardian 1,
condensation shield
a: no special abilities


You were on level 2 of the Dungeon.
You were a tree.
You visited 1 branch of the dungeon, and saw 2 of its levels.

You collected 117 gold pieces.

Inventory:

Missiles
 h - 6 poisoned darts
 j - 2 javelins
Armour
 a - a +0 animal skin (melded)
Talismans
 c - a beast talisman
 d - a flux talisman
Scrolls
 e - 4 scrolls of identify {unknown}
 f - a scroll of vulnerability {unknown}
 i - a scroll of teleportation {unknown}


   Skills:
 + Level 1.6 Fighting
 + Level 2.2 Dodging
 * Level 3.3 Unarmed Combat
 * Level 3.2 Shapeshifting


You had 2 spell levels left.
You didn't know any spells.
Your spell library was empty.

Dungeon Overview and Level Annotations

Branches:
Dungeon (2/15)

Altars:


Innate Abilities, Weirdness & Mutations

You are a tree.
Your roots penetrate the ground, keeping you stationary.
You cannot be teleported.
You are immune to unholy pain and torment.
Your maximum health is greatly increased.
Your equipment is partially melded.
A weak demonic guardian rushes to your aid.
A meltable shield of frost defends you. (SH +4)


Message History

The adder is almost dead.
You feel sick. The adder barely misses you. The rat bites you.
You hit the adder but do no damage.
The adder is almost dead.
You feel sick. The adder barely misses you. The rat bites you.
The adder bites you.
You are too injured to fight recklessly!
You are too injured to fight recklessly!
You are too injured to fight recklessly!
You miss the adder.
The adder is severely wounded.
You feel sick. The rat completely misses you. The adder bites you.
* * * LOW HITPOINT WARNING * * *
You are lethally poisoned!
The adder poisons you!
You barely miss the adder.
The adder is severely wounded.
* * * LOW HITPOINT WARNING * * *
You feel sick. You block the adder's attack. You block the rat's attack.
You hit the adder.
You kill the adder!
* * * LOW HITPOINT WARNING * * *
You feel sick. You block the rat's attack.
You punch the rat!
You kill the rat!
* * * LOW HITPOINT WARNING * * *
You feel sick.
It was a potion of haste.
You feel yourself speed up.
* * * LOW HITPOINT WARNING * * *
You feel sick.
It was a potion of magic.
Magic courses through your body.
* * * LOW HITPOINT WARNING * * *
You feel sick.
Your transformation has ended.
You turn into a tree.
Your +0 animal skin melds into your body.
Your roots penetrate the ground.
* * * LOW HITPOINT WARNING * * *
You feel sick.
You die...

##### ..... #
######.....
?##....).....
.......<....
#..........
#...†......
#..♣†...# #.......#
#######.###########
..................#
#################.#
#######.########
................
...####..#######
...............


There were no monsters in sight!

Vanquished Creatures
  2 adders (D:2)
  A worm (D:1)
  7 ball pythons
  3 endoplasms
  A giant cockroach (D:1)
  3 goblins (D:1)
  A hobgoblin (D:1)
  A quokka (D:1)
  5 bats (D:1)
  4 frilled lizards
  4 kobolds
  8 rats
40 creatures vanquished.

Vanquished Creatures (collateral kills)
  A goblin (D:2)
1 creature vanquished.

Grand Total: 41 creatures vanquished

Notes
Turn   | Place    | Note
-------+----------+-------------------------------------------
     0 | D:1      | javelincjr the Demonspawn Shapeshifter began the quest for
                  | the Orb.
     0 | D:1      | Reached XP level 1. HP: 15/15 MP: 1/1
   241 | D:1      | Gained mutation: A weak demonic guardian rushes to your
                  | aid. [demonic ancestry]
   241 | D:1      | Reached XP level 2. HP: 21/21 MP: 2/2
  1014 | D:1      | Gained mutation: A meltable shield of frost defends you.
                  | (SH +4) [demonic ancestry]
  1014 | D:1      | Reached XP level 3. HP: 22/26 MP: 3/3
  1437 | D:2      | HP: 1/27 [poisoned by an adder]
  1440 | D:2      | Succumbed to an adder's poison

Illustrated notes

Levels and vault maps discovered:
D:1:      psy_arrival_whirlpool, layout_loops_corners, minmay_misc_feat_five
D:2:      layout_basic

Skill      XL: |  1  2 |
---------------+-------+-----
Dodging        | 2 |  2.2
Unarmed Combat | 3 |  3.3
Shapeshifting  | 3 |  3.2
Fighting       | |  1.6

Action                     || total
---------------------------++-------
  Melee: Unarmed           ||   122
         Punch             ||     2
    Use: Potion            ||     3
   Stab: Sleeping          ||     3
 Armour: Animal skin       ||    63
  Dodge: Dodged            ||    70
  Block: Other             ||     9

Table legend: (Time is in decaauts)
 A = Elapsed time spent in this place.
 B = Non-inter-level travel time spent in this place.
 C = Inter-level travel time spent in this place.
 D = Time resting spent in this place.
 E = Time spent auto-exploring this place.
 F = Levels seen in this place.
 G = Mean time per level.
                   A        B        C        D        E       F      G
               +--------+--------+--------+--------+--------+-----+--------+
         Total |   1435 |   1408 |     27 |     60 |   1081 |   2 |  717.5 |
       Dungeon |   1435 |   1408 |     27 |     60 |   1081 |   2 |  717.5 |
               +--------+--------+--------+--------+--------+-----+--------+

Top non-repeatable levels by time:
     D:1: 1160 daAuts
     D:2: 274 daAuts
